 Dungeon Crawl Stone Soup version 0.28-a0-172-g787e458d71 (webtiles) character file.

Game seed: 13098011683979087388

266 porpoise the Poker (level 6, -1/49 HPs)
             Began as a Demonspawn Gladiator on Aug 17, 2021.
             Slain by a killer bee (6 damage)
             ... on level 3 of the Dungeon.
             The game lasted 00:12:46 (4745 turns).

porpoise the Poker (Demonspawn Gladiator)           Turns: 4745, Time: 00:12:47

Health: -1/49      AC:  7    Str: 17    XL:     6   Next: 0%
Magic:  6/6        EV: 12    Int:  9    God:
Gold:   151        SH:  0    Dex: 14    Spells: 5/5 levels left

rFire   . . .      SeeInvis .   a - +1 trident
rCold   . . .      Faith    .   (no shield)
rNeg    . . .      Spirit   .   i - +0 leather armour
rPois   .          Reflect  .   t - +2 hat
rElec   .          Harm     .   (no cloak)
rCorr   .          Rampage  .   (no gloves)
Will    .....                   g - +1 pair of boots
Stlth   +.........              v - amulet of the acrobat
HPRegen 0.16/turn               (no ring)
MPRegen 0.10/turn               (no ring)

@: very slightly contaminated, hasted, invisible, very quick
A: hooves 2
a: no special abilities


You were on level 3 of the Dungeon.
You visited 1 branch of the dungeon, and saw 4 of its levels.
You also visited: Sewer.

You collected 151 gold pieces.

Inventory:

Hand Weapons
 a - a +1 trident (weapon)
 b - a +2 vorpal hunting sling
 k - a +2 antimagic whip
Missiles
 d - 3 throwing nets (quivered)
 e - 15 sling bullets
 f - 50 stones
 q - 4 javelins
 w - 26 arrows
Armour
 g - a +1 pair of boots (worn)
 i - a +0 leather armour (worn)
 t - a +2 hat (worn)
Jewellery
 v - an amulet of the acrobat (around neck)
 x - a ring of ice
Scrolls
 j - a scroll of amnesia
 s - 3 scrolls of noise
Potions
 m - a potion of curing
 n - a potion of attraction {unknown}
 r - 5 potions of flight
 u - 2 potions of heal wounds


   Skills:
 + Level 4.6 Fighting
 + Level 4.7 Polearms
 - Level 1.7 Throwing
 - Level 2.6 Dodging


You had 5 spell levels left.
You didn't know any spells.
Your spell library contained the following spells:

 Spells                   Type           Power      Damage    Failure   Level
 Foxfire                  Conj/Fire      0%         2x1d4     45%         1
 Corpse Rot               Necr/Air       N/A        N/A       58%         2
 Conjure Flame            Conj/Fire      0%         6-21      83%         3
 Inner Flame              Hex/Fire       0%         N/A       83%         3
 Cause Fear               Hex            0%         N/A       99%         4
 Dispel Undead            Necr           0%         3d6       99%         4
 Death Channel            Necr           0%         N/A       100%        6
 Discord                  Hex            0%         N/A       100%        8


Dungeon Overview and Level Annotations

Branches:
Dungeon (4/15)              Sewer (visited)
 Temple: D:4-7

Altars:
Ashenzari


Innate Abilities, Weirdness & Mutations

You have hoof-like feet.


Message History

You are no longer poisoned.
The killer bee barely misses you. The killer bee stings you.
You climb upwards.
There is a stone staircase leading down here.
You miss the killer bee.
The killer bee is lightly wounded.
The killer bee closely misses you. The killer bee stings you.
The killer bee stings you but does no damage.
The killer bee closely misses you.
You miss the killer bee.
The killer bee is lightly wounded.
The killer bee closely misses you. The killer bee stings you.
You are poisoned.
The killer bee poisons you!
You barely miss the killer bee.
The killer bee is lightly wounded.
You feel sick. The killer bee stings you.
* * * LOW HITPOINT WARNING * * *
The killer bee completely misses you. The killer bee stings you.
* * * LOW HITPOINT WARNING * * *
The killer bee barely misses you.
Okay, then.
Blink to where?
Press: ? - help, Dir - move target
As you read the scroll of blinking, it crumbles to dust.
You feel sick.
You fade into invisibility!
You feel sick.
You are very lightly contaminated with residual magic.
You feel sick.
You feel sick.
You feel sick.
You are no longer poisoned.
You puncture the killer bee!
The killer bee is severely wounded.
The killer bee barely misses you.
You miss the killer bee.
The killer bee is severely wounded.
The killer bee stings you.
You die...

.........####......#
.........#.......#.#
.........#.......#.#
.........#.......#.#
.....#####.......#.#
.....#####.).....##############
.....+.........y.y.....[ยง.....#
.....########.##############.##
..............yy@........# #.#
###+#.#######.##########.# #.#
###+#+#...........## #.# #.#
...................# #.# #.#
...................# #.# #.#
...................# #.# #.#
...................# #<# #.#
...................# #.# #.#
...................# #.# #.#


You could see 2 killer bees.

Vanquished Creatures
  A killer bee (D:4)
  Jessica (D:2)
  Natasha (twice) (D:2)
  6 adders
  4 worms (Sewer)
  3 dart slugs
  2 orcs (D:3)
  9 endoplasms
  3 giant cockroaches
  5 goblins
  3 hobgoblins
  4 jackals (Sewer)
  7 kobolds
  4 quokkas
  6 ball pythons
  10 bats
  3 frilled lizards
  4 rats
77 creatures vanquished.

Notes
Turn   | Place    | Note
-------+----------+-------------------------------------------
     0 | D:1      | porpoise the Demonspawn Gladiator began the quest for the
                  | Orb.
     0 | D:1      | Reached XP level 1. HP: 16/16 MP: 1/1
   561 | D:1      | Gained mutation: You have large cloven feet. [demonic
                  | ancestry]
   561 | D:1      | Reached XP level 2. HP: 23/23 MP: 2/2
  1246 | D:2      | Found a faded altar of an unknown god.
  1725 | D:2      | Noticed Jessica
  1727 | D:2      | Killed Jessica
  1728 | D:2      | Gained mutation: You have hoof-like feet. [demonic
                  | ancestry]
  1728 | D:2      | Reached XP level 3. HP: 29/29 MP: 3/3
  2134 | D:2      | Noticed Natasha
  2160 | D:2      | Killed Natasha
  2161 | D:2      | Reached XP level 4. HP: 6/35 MP: 4/4
  2482 | D:2      | Noticed Natasha
  2489 | D:2      | Killed Natasha
  2656 | D:3      | Found a glowing drain.
  2702 | D:3      | Reached XP level 5. HP: 42/42 MP: 5/5
  2744 | Sewer    | Entered a sewer
  4419 | D:3      | Found a broken altar of Ashenzari.
  4698 | D:4      | Reached XP level 6. HP: 49/49 MP: 6/6
  4745 | D:3      | Slain by a killer bee

Illustrated notes

Levels and vault maps discovered:
D:1:      dpeg_arrival_water_fire, layout_basic, serial_bayou_pond_c
D:2:      layout_basic, ebering_ecumenical_altar_mist, item_on_display_a,
          uniq_natasha, uniq_jessica
D:3:      layout_basic, ashenzari_altar_1, gup_sewer_entry_glass
D:4:      layout_rooms, temple_statues, serial_shops, shop_fountains,
          kennysheep_another_room, uniq_robin

Skill      XL: |  1  2  3  4 |
---------------+-------------+-----
Polearms       | 3 4 |  4.7
Fighting       | 3 4 |  4.6
Throwing       | |  1.7
Dodging        | |  2.6

Action                   |  1- 3 |  4- 6 || total
-------------------------+-------+-------++-------
Melee: Trident           |    51 |   163 ||   214
 Fire: Hunting sling     |    36 |    35 ||    71
  Use: Potion            |     1 |     6 ||     7
       Scroll            |       |    11 ||    11
 Stab: Sleeping          |     1 |       ||     1
Armor: Leather armour    |     5 |    67 ||    72
       Skin              |     9 |    20 ||    29
Dodge: Dodged            |    31 |   128 ||   159

Table legend: (Time is in decaauts)
 A = Elapsed time spent in this place.
 B = Non-inter-level travel time spent in this place.
 C = Inter-level travel time spent in this place.
 D = Time resting spent in this place.
 E = Time spent auto-exploring this place.
 F = Levels seen in this place.
 G = Mean time per level.
                   A        B        C        D        E       F      G
               +--------+--------+--------+--------+--------+-----+--------+
         Total |   4921 |   4816 |    105 |   1014 |   2461 |   5 |  984.2 |
       Dungeon |   3596 |   3491 |    105 |    576 |   2280 |   4 |  899.0 |
         Sewer |   1324 |   1324 |      0 |    438 |    180 |   1 | 1324.0 |
               +--------+--------+--------+--------+--------+-----+--------+

Top non-repeatable levels by time:
     D:2: 1629 daAuts
   Sewer: 1324 daAuts
     D:1: 1033 daAuts
     D:3: 864 daAuts
     D:4: 69 daAuts
